 Dungeon Crawl Stone Soup version 0.17.0-28-g6e173f8 (webtiles) character file.

71 PossumBlood the Conjurer (level 4, -4/24 HPs)
             Began as a Deep Elf Conjurer on Nov 25, 2015.
             Slain by a scorpion (9 damage)
             ... on level 3 of the Dungeon on Nov 26, 2015.
             The game lasted 00:06:52 (1608 turns).

PossumBlood the Conjurer (Deep Elf Conjurer)        Turns: 1608, Time: 00:06:52

Health: -4/24      AC:  2    Str:  5    XL:     4   Next: 5%
Magic:  0/10       EV: 13    Int: 21    God:
Gold:   27         SH:  0    Dex: 15    Spells: 1 memorised, 8 levels left

rFire  . . .     SeeInvis .     (no weapon)
rCold  . . .     Clarity  .     a - +0 robe
rNeg   . . .     SustAt   .     (no shield)
rPois  .         Gourm    .     (no helmet)
rElec  .         Spirit   .     (no cloak)
rCorr  .         Warding  .     (no gloves)
rMut   .         Stasis   .     (no boots)
MR     .....                    (no amulet)
Stlth  ++........               (no ring)
                                (no ring)

@: lethally poisoned (-4 -> -9), not resistant to hostile enchantments,
unstealthy
A: no striking features
a: no special abilities


You were on level 3 of the Dungeon.
You were not hungry.

You visited 1 branch of the dungeon, and saw 3 of its levels.

You collected 27 gold pieces.

Inventory:

Armour
 a - a +0 robe (worn)
Jewellery
 d - an uncursed ring of positive energy {unknown}
 f - an uncursed amulet of guardian spirit {unknown}
Wands
 m - a wand of digging (8)
Scrolls
 g - a scroll of recharging {unknown}
 j - a scroll of random uselessness {unknown}
 k - 3 scrolls of identify {unknown}
 l - a scroll of blinking {unknown}
Potions
 e - a potion of agility {unknown}
 h - a potion of cure mutation {unknown}
Books
 b - a book of Conjurations

   Spells                             Type                      Level
   a - Magic Dart                     Conjuration                  1
   b - Searing Ray                    Conjuration                  2
   c - Dazzling Spray                 Conjuration/Hexes            3
   d - Fulminant Prism                Conjuration/Hexes            4
   e - Iskenderun's Mystic Blast      Conjuration                  4
   f - Iskenderun's Battlesphere      Conjuration/Charms           5
Comestibles
 c - 2 bread rations
 i - a slice of pizza


   Skills:
 - Level 2.4 Dodging
 - Level 2.4 Stealth
 - Level 3.0 Spellcasting
 * Level 6.2 Conjurations


You had 8 spell levels left.
You knew the following spells:

 Your Spells              Type           Power        Failure   Level  Hunger
a - Magic Dart            Conj           ####         1%          1    None


Dungeon Overview and Level Annotations

Branches:
Dungeon (3/15)

Altars:
Sif Muna


Message History

You feel sick.
You feel sick.
You see here a tomahawk.
You feel sick.
Casting: Magic Dart
Confirm with . or Enter, or press ? or * to list all spells.
Aiming: Magic Dart
Press: ? - help, Shift-Dir - straight line, f/p - scorpion
Aim: a scorpion (severely wounded)
The magic dart hits the scorpion.
The scorpion is almost dead.
The scorpion barely misses you.
You barely miss the scorpion.
The scorpion is almost dead.
You feel sick. The scorpion stings you.
* * * LOW HITPOINT WARNING * * *
You barely miss the scorpion.
The scorpion is almost dead.
The scorpion stings you!
You die...

...(...................##
.#.#.......#.#........##
..............########
.............###
..............######
#...................
##........#........#
.........##s.......
..........@##.####
.................
.......##..#..#.. .......
.........
...)...#.####.#..
......... ... .........
## ##.#.#..# ..#.#..


You could see a scorpion.

Vanquished Creatures
  2 adders
  An ooze (D:1)
  A worm (D:2)
  An orc (D:3)
  4 giant cockroaches
  6 goblins
  3 hobgoblins (D:1)
  2 jackals (D:1)
  2 quokkas (D:2)
  8 bats
  3 giant geckos
  2 giant newts (D:1)
  3 kobolds
  7 rats
45 creatures vanquished.

Notes
Turn   | Place    | Note
--------------------------------------------------------------
     0 | D:1      | PossumBlood the Deep Elf Conjurer began the quest for the Orb.
     0 | D:1      | Reached XP level 1. HP: 10/10 MP: 6/6
   165 | D:1      | Reached XP level 2. HP: 15/15 MP: 6/8
   173 | D:1      | Reached skill level 5 in Conjurations
   798 | D:2      | Reached XP level 3. HP: 19/19 MP: 7/9
  1100 | D:2      | Found a deep blue altar of Sif Muna.
  1208 | D:2      | Reached skill level 6 in Conjurations
  1549 | D:3      | Reached XP level 4. HP: 24/24 MP: 6/10
  1566 | D:3      | Noticed a scorpion
  1608 | D:3      | Slain by a scorpion

Action                   |  1- 3 |  4- 6 || total
-------------------------+-------+-------++-------
Melee: Unarmed           |       |     2 ||     2
 Cast: Magic Dart        |    83 |    14 ||    97
  Use: Scroll            |     2 |       ||     2
  Eat: Bread ration      |     1 |       ||     1
